Map: Catalyst LE

Players

Juxtapose

  • Race: Zerg Zerg
  • League: Platinum
  • Spawn Location: 5:00

hex - Winner!

  • Race: Terran Terran
  • League: Platinum
  • Spawn Location: 11:00

VOD

https://youtu.be/P2Y51a6am6g

Description

I felt I was doing well in this match until I overextended on my counter attack, and that pretty much cost me.

I also realized after the game that had I researched Burrow and Tunneling Claws, I might have been able to by-pass his Liberators and attacked his Siege Tanks up close from behind.

As the third season I've participated in, I've also noticed a trend were about three weeks before a season's end the player base drops drastically, and I tend to go on a pretty bad loosing streak. Sadly this seems to be happening again, and I'm in "danger" of falling out of Platinum League next Season now.

My MMR places me back in Gold 1 at the moment.

Time

  • Played on: Jan. 10, 2018, 7:11 p.m.
  • Length: 9:13
Show
View Real Time Build Order
Export as new Build Order

Juxtapose Zerg 

Build Orders: Hatch First 

Get SALT Encoding   

  12  0:01  Drone  
  13  0:09  Drone  
  14  0:17  Overlord  
  14  0:35  Drone x2  
  16  0:53  Hatchery, Drone  
  16  1:02  Drone  
  16  1:03  Extractor  
  16  1:17  Spawning Pool  
  15  1:19  Drone  
  16  1:28  Overlord  
  16  1:33  Drone  
  16  1:36  Drone  
  18  1:45  Drone  
  19  1:54  Drone  
  20  2:04  Queen  
  20  2:07  Queen  
  24  2:10  Drone  
  24  2:14  Drone  
  26  2:21  Drone  
  26  2:23  Drone  
  27  2:32  Extractor, Zergling x2  
  27  2:34  Zergling x2  
  28  2:41  Drone  
  29  2:57  Drone x2  
  31  2:59  Zergling x4  
  31  3:01  Drone  
  34  3:20  Queen  
  34  3:22  Overlord x2  
  36  3:29  Roach Warren  
  36  3:33  Drone, Evolution Chamber  
  35  3:35  Drone  
  36  3:47  Drone x3  
  39  3:49  Drone  
  39  3:50  Drone  
  39  3:55  Drone x4  
  45  3:59  Overlord  
  45  4:15  Roach x3  
  50  4:17  Overlord  
  50  4:21  Spine Crawler  
  49  4:29  Drone  
  49  4:30  Drone x2, Roach  
  54  4:36  Extractor  
  53  4:47  Zerg Missile Weapons Level 1  
  53  4:50  Lair  
  53  4:51  Roach x2  
  53  4:52  Roach x2  
  61  5:09  Roach x3  
  61  5:10  Overlord  
  61  5:11  Overlord  
  67  5:32  Roach x3  
  67  5:35  Ravager x2  
  75  5:36  Ravager  
  75  5:42  Spore Crawler  
  75  5:47  Spore Crawler  
  75  5:48  Roach  
  75  5:49  Drone x3, Roach x2  
  83  5:50  Overlord x2  
  83  5:59  Hydralisk Den  
  82  6:13  Extractor, Overseer  
  82  6:15  Overseer x2  
  81  6:26  Roach  
  81  6:27  Roach x5  
  88  6:41  Roach  
  88  6:42  Roach  
  92  6:47  Zerg Ground Armor Level 1  
  92  6:48  Glial Reconstitution  
  92  7:08  Drone x5  
  95  7:09  Roach  
  95  7:10  Overlord  
  99  7:16  Hatchery  
  60  7:49  Hydralisk x3  
  60  7:50  Hydralisk x2  
  65  7:51  Roach x4  
  65  7:52  Roach x2  
  73  7:59  Queen  
  73  8:05  Roach x4  
  83  8:09  Overlord  
  83  8:24  Overlord  
Show
View Real Time Build Order
Export as new Build Order

hex Terran - Winner!

Build Orders: MMM Bio 

Get SALT Encoding   

  12  0:01  SCV  
  13  0:13  SCV  
  14  0:17  Supply Depot  
  14  0:25  SCV  
  15  0:30  Refinery  
  15  0:42  Barracks  
  15  0:46  SCV  
  16  0:58  SCV  
  17  1:08  Barracks  
  17  1:13  SCV  
  18  1:21  Refinery  
  18  1:25  SCV  
  19  1:33  Reaper  
  20  1:42  Supply Depot  
  20  1:51  Orbital Command  
  20  1:57  Barracks Tech Lab  
  20  2:15  Barracks Tech Lab  
  20  2:16  Factory  
  20  2:23  Marine  
  20  2:28  Stimpack  
  20  2:29  SCV  
  22  2:36  Marine  
  23  2:40  Combat Shields  
  23  2:45  SCV  
  24  2:57  SCV  
  25  3:09  Marine x2  
  25  3:10  Factory Tech Lab  
  27  3:27  Marine, Starport  
  27  3:29  Supply Depot, SCV  
  29  3:43  Marine  
  29  3:45  Marine  
  31  3:51  Siege Tank, SCV  
  35  4:04  SCV  
  35  4:06  Command Center  
  35  4:08  Medivac  
  38  4:29  Marine  
  39  4:33  Supply Depot  
  39  4:37  Engineering Bay  
  39  4:49  Starport Reactor  
  39  4:54  Marine, Siege Tank, SCV  
  39  4:55  Marine  
  45  5:07  Terran Infantry Weapons Level 1  
  45  5:11  Supply Depot  
  45  5:12  Marine  
  46  5:21  Marine  
  46  5:25  Barracks  
  46  5:27  Medivac, Siege Tank  
  52  5:30  Marine  
  52  5:31  Orbital Command  
  53  5:39  SCV  
  54  5:45  Engineering Bay  
  54  6:09  Marine x2, Siege Tank  
  59  6:12  Terran Infantry Armor Level 1  
  59  6:14  Barracks Reactor  
  59  6:18  SCV  
  59  6:21  Refinery  
  59  6:22  Refinery  
  60  6:27  Marine x2  
  56  6:45  Siege Tank  
  57  6:54  SCV  
  58  7:03  Liberator  
  58  7:06  SCV  
  59  7:11  Liberator  
  59  7:14  Marine x2, Marauder x2  
  65  7:18  SCV  
  69  7:26  Supply Depot  
  69  7:27  Supply Depot  
  69  7:32  Marine x2  
  61  7:40  Siege Tank  
  62  7:50  Marine x2, Marauder x2  
  68  7:53  SCV  
  69  8:01  SCV  
  69  8:05  SCV  
  71  8:08  Marine  
  72  8:12  Siege Tank  
  72  8:13  SCV  
  76  8:20  Medivac x2  
  76  8:21  Factory  
  80  8:41  Command Center  
Tags
 
Composition
MMM Bio
Matchup
TvZ
Spawn Locations
Cross Positions
Add a new tag
Caveats
  • Supply blocks, unpowered buildings, or Contaminate may cause inaccurate times.
  • Supply counts are checked every 10 seconds.